 Dungeon Crawl Stone Soup version 0.30-a0-728-gc68057be0a (webtiles) character file.

Game seed: 14174589125276835440

138 gruber the Sneak (level 5, -3/19 (26) HPs)
             Began as a Vine Stalker Brigand on Jan 31, 2023.
             Killed from afar by an orc wizard (4 damage)
             ... with a magic dart
             ... on level 3 of the Dungeon.
             The game lasted 00:02:14 (2043 turns).

gruber the Sneak (Vine Stalker Brigand)             Turns: 2043, Time: 00:02:15

HP:   -3/19 (26)    AC:  4    Str: 15    XL:     5   Next: 21%
MP:   0/6           EV: 11    Int: 11    God:
Gold: 120           SH:  0    Dex: 16    Spells: 4/4 levels left

rFire   . . .      SeeInvis .    n - +2 short sword (flame)
rCold   . . .      Faith    .    (no shield)
rNeg    . . .      Spirit   +    b - +0 robe
rPois   .          Reflect  .    p - +0 helmet
rElec   .          Harm     .    c - +0 cloak
rCorr   .          Rampage  .    (no gloves)
Will    .....                    (no boots)
Stlth   +++                      (no amulet)
HPRegen 1.03/turn                a - ring of wizardry
MPRegen 0.10/turn                (no ring)

@: very heavily drained
A: fangs 2, regeneration 1, magic shield, antimagic bite, no potion heal 2
a: no special abilities


You were on level 3 of the Dungeon.
You visited 1 branch of the dungeon, and saw 3 of its levels.

You collected 120 gold pieces.

Inventory:

Hand Weapons
 n - a +2 short sword of flaming (weapon)
Missiles
 d - 25 poisoned darts (quivered)
 e - 3 curare-tipped darts
Armour
 b - a +0 robe (worn)
 c - a +0 cloak (worn)
 p - a +0 helmet (worn)
Jewellery
 a - a ring of wizardry (left hand)
Scrolls
 f - 2 scrolls of blinking {unknown}
 g - 8 scrolls of teleportation {unknown}
 i - a scroll of brand weapon {unknown}
 j - 4 scrolls of butterflies {unknown}
 o - 2 scrolls of identify {unknown}
 s - a scroll of enchant weapon {unknown}
 t - a scroll of magic mapping {unknown}
Potions
 h - a potion of might {unknown}
 k - 2 potions of resistance {unknown}
 l - 3 potions of curing {unknown}
 m - a potion of attraction {unknown}
 q - a potion of degeneration {unknown}
 r - a potion of cancellation {unknown}


   Skills:
 - Level 1.7 Fighting
 + Level 4.8 Short Blades
 - Level 1.7 Throwing
 - Level 0.7 Dodging
 - Level 4.8 Stealth


You had 4 spell levels left.
You didn't know any spells.
Your spell library contained the following spells:

 Spells                   Type           Power      Damage    Failure   Level
 Cigotuvi's Dreadful Rot  Necr/Pois/Air  0%         N/A       21%         2
 Ignite Poison            Fire/Tmut/Pois 0%         N/A       38%         3
 Kindle Blastsparks       Fire/Tloc/Air  0%         2d10      38%         3
 Dispel Undead            Necr           0%         3d6       77%         4
 Freezing Cloud           Conj/Ice/Air   0%         6-21      98%         5
 Death Channel            Necr           0%         N/A       100%        6


Dungeon Overview and Level Annotations

Branches:
Dungeon (3/15)

Altars:


Innate Abilities, Weirdness & Mutations

You have extremely sharp teeth.
Your natural rate of healing is unusually fast.
When hurt, damage is shared between your health and your magic reserves.
Your bite disrupts and absorbs the magic of your enemies.
Potions cannot restore your health.


Message History

You resist with some effort.
You hit the orc wizard but do no damage.
The orc wizard is heavily wounded.
The orc barely misses you.
The orc wizard gestures wildly while chanting.
The orc wizard flickers and vanishes!
Deactivating autopickup; reactivate with Ctrl-A.
You hit something but do no damage. Your bite misses something.
The orc hits you from afar with a +0 trident!
Something hits you.
You feel drained.
You hit something. You burn something. Your punch misses something.
Your bite misses something. You hit something but do no damage.
Your bite misses something. The orc closely misses you.
Something hits you but does no damage.
You feel drained.
You miss something. Your bite misses something.
The orc throws a silver boomerang.
The silver boomerang hits you. Something hits you.
You feel drained.
You are too injured to fight recklessly!
You are too injured to fight recklessly!
You closely miss something.
The orc hits you from afar with a +0 trident!
* * * LOW HITPOINT WARNING * * *
Something hits you.
* * * LOW HITPOINT WARNING * * *
You feel drained.
* * * LOW HITPOINT WARNING * * *
You hit something but do no damage. You completely miss something.
Your bite misses something. The orc closely misses you.
Something hits you but does no damage.
You feel drained.
You completely miss something. Your bite misses something. The orc misses you.
Something hits you but does no damage.
You feel drained.
You completely miss something. Your bite misses something.
The orc throws a silver boomerang.
The silver boomerang hits you.
* * * LOW HITPOINT WARNING * * *
You hear some strange, mumbled words.
A magic dart appears from out of thin air!
The magic dart hits you.
You die...

+........'.......
#####....#.......
#....######## .####+# ##
#....## ###
.<.....##.###.###.###.###
.......#...............#.
.....?...##.###.###.##..#
[o.....#.#...........#.##
.o.o...#@..##.###.##...#.
.......#{#.#.......#.#.#.
#.>o...o.#...##.##...#...
#......#.#.#.#...#.#.#.#.
#......#...#...#...#.÷.#.
#......#.#.#.#...#.#.#)#.
#........#...##.##...#...
########.#.#.......#÷#÷#.
####...##.###.##...#.


You could see an orc.

Vanquished Creatures
  A hound (D:3)
  2 adders (D:2)
  A worm (D:2)
  2 dart slugs
  An orc (D:3)
  9 ball pythons
  7 bats
  7 endoplasms
  2 giant cockroaches (D:1)
  8 goblins
  10 hobgoblins
  8 jackals
  8 kobolds
  2 quokkas
  2 frilled lizards
  5 rats
75 creatures vanquished.

Notes
Turn   | Place    | Note
-------+----------+-------------------------------------------
     0 | D:1      | gruber the Vine Stalker Brigand began the quest for the
                  | Orb.
     0 | D:1      | Reached XP level 1. HP: 11/11 MP: 2/2
   170 | D:1      | Reached XP level 2. HP: 15/15 MP: 3/3
   678 | D:1      | Reached XP level 3. HP: 18/18 MP: 4/4
  1171 | D:2      | Gained mutation: Your natural rate of healing is unusually
                  | fast. [Vine Stalker growth]
  1171 | D:2      | Reached XP level 4. HP: 23/23 MP: 5/5
  1734 | D:3      | Reached XP level 5. HP: 24/26 MP: 4/6
  2039 | D:3      | HP: 1/21 [something (1)]
  2043 | D:3      | Killed from afar by an orc wizard

Illustrated notes

Levels and vault maps discovered:
D:1:      roderic_dead_forest, layout_basic
D:2:      layout_rooms, minmay_pentomino_s4
D:3:      layout_basic, nicolae_concentric_dashed_squares_mild,
          chequers_serial_rivers_marsh

Skill      XL: |  1  2  3  4 |
---------------+-------------+-----
Short Blades   | 2 3 4 |  4.8
Fighting       | |  1.7
Throwing       | |  1.7
Dodging        | |  0.7
Stealth        | |  4.8

Action                     |  1- 3 |  4- 6 || total
---------------------------+-------+-------++-------
  Melee: Dagger            |    68 |       ||    68
         Bite              |    13 |    17 ||    30
         Short sword       |    21 |    89 ||   110
         Punch             |     1 |     2 ||     3
   Stab: Sleeping          |     9 |    10 ||    19
 Armour: Robe              |    20 |    24 ||    44
  Dodge: Dodged            |    41 |    43 ||    84

Table legend: (Time is in decaauts)
 A = Elapsed time spent in this place.
 B = Non-inter-level travel time spent in this place.
 C = Inter-level travel time spent in this place.
 D = Time resting spent in this place.
 E = Time spent auto-exploring this place.
 F = Levels seen in this place.
 G = Mean time per level.
                   A        B        C        D        E       F      G
               +--------+--------+--------+--------+--------+-----+--------+
         Total |   2009 |   1977 |     32 |      1 |   1524 |   3 |  669.7 |
       Dungeon |   2009 |   1977 |     32 |      1 |   1524 |   3 |  669.7 |
               +--------+--------+--------+--------+--------+-----+--------+

Top non-repeatable levels by time:
     D:1: 927 daAuts
     D:2: 576 daAuts
     D:3: 506 daAuts
